 Dungeon Crawl Stone Soup version 0.26-a0-487-gbff1e92059 (webtiles) character file.

Game seed: 17482820097507218975

189 Efemafry the Conjurer (level 6, -1/43 HPs)
             Began as a Human Conjurer on Aug 2, 2020.
             Slain by a hornet zombie (11 damage)
             ... on level 3 of the Dungeon.
             The game lasted 00:09:06 (4611 turns).

Efemafry the Conjurer (Human Conjurer)              Turns: 4611, Time: 00:09:06

Health: -1/43      AC:  2    Str:  7    XL:     6   Next: 0%
Magic:  9/10       EV: 13    Int: 20    God:
Gold:   189        SH:  0    Dex: 12    Spells: 7/10 levels left

rFire    . . .     SeeInvis .   c - +0 club
rCold    . . .     Faith    .   (no shield)
rNeg     . . .     Spirit   .   a - +0 robe
rPois    .         Reflect  .   (no helmet)
rElec    .         Harm     .   (no cloak)
rCorr    .                      (no gloves)
MR       .....                  (no boots)
Stlth    ++........             (no amulet)
HPRegen  0.14/turn              (no ring)
MPRegen  0.12/turn              (no ring)

@: no status effects
A: no striking features
a: no special abilities


You were on level 3 of the Dungeon.
You visited 1 branch of the dungeon, and saw 3 of its levels.

You collected 189 gold pieces.

Inventory:

Hand Weapons
 c - a +0 club (weapon)
Missiles
 r - 29 poisoned darts (quivered)
Armour
 a - a +0 robe (worn)
Jewellery
 h - an uncursed amulet of magic regeneration {unknown}
Scrolls
 b - a scroll of immolation {unknown}
 g - a scroll of identify {unknown}
 j - a scroll of remove curse {unknown}
 m - a scroll of amnesia {unknown}
 n - 2 scrolls of teleportation {unknown}
 p - a scroll of enchant weapon {unknown}
 q - a scroll of enchant armour {unknown}
 s - a scroll of fog {unknown}
 t - a scroll of fear {unknown}
Potions
 d - a potion of brilliance {unknown}
 e - a potion of mutation {unknown}
 f - a potion of might {unknown}
 i - a potion of degeneration {unknown}
 k - a potion of invisibility {unknown}
 l - a potion of haste {unknown}
 o - a potion of stabbing {unknown}


   Skills:
 + Level 1.1 Fighting
 + Level 1.4 Maces & Flails
 + Level 2.8 Dodging
 + Level 3.0 Stealth
 + Level 2.9 Spellcasting
 + Level 5.0 Conjurations


You had 7 spell levels left.
You knew the following spells:

 Your Spells              Type           Power        Failure   Level
a - Magic Dart            Conj           ###.         1%          1
b - Searing Ray           Conj           ###...       2%          2

Your spell library contained the following spells:

 Spells                   Type           Power        Failure   Level
 Dazzling Flash           Conj/Hex       ##....       16%         3
 Fulminant Prism          Conj/Hex       ##........   45%         4
 Iskenderun's Mystic Bla  Conj/Tloc      ##......     45%         4


Dungeon Overview and Level Annotations

Branches:
Dungeon (3/15)

Altars:
Fedhas


Message History

You barely miss the hornet zombie.
The hornet zombie is lightly damaged.
The hornet zombie barely misses you. The hornet zombie hits you.
You hit the hornet zombie.
The hornet zombie is moderately damaged.
The hornet zombie hits you!
You hit the hornet zombie.
The hornet zombie is moderately damaged.
The hornet zombie barely misses you. The hornet zombie hits you.
Casting: Magic Dart (safe; 1% risk of failure)
Confirm with . or Enter, or press ? or * to list all spells.
Aiming: Magic Dart (safe; 1% risk of failure)
Press: ? - help, Shift-Dir - straight line, f/p - hornet zombie
Aim: a hornet zombie (moderately damaged)
The magic dart hits the hornet zombie.
The hornet zombie is moderately damaged.
The hornet zombie hits you!
* * * LOW HITPOINT WARNING * * *
The hornet zombie hits you!
You die...

.r... ... #######...## ...... #..
##########...#...#### ......
#...#..##.##........#####
........##........##.............
...........###.##................
........######..............#..(#
...r...........####............<.
............##.####............()
............##.Z@)........#######
.......<.Z..##.####..#.##..#####.
.....................#.##........
............#...##.....##........
............#...#....#......#####
.............รท.........##..##
....(....####.####....##..##
.........#.......#.......##
.....###.#.8...8.#..######


You could see a hornet zombie.

Vanquished Creatures
  A hound skeleton (D:2)
  7 adders
  An ooze (D:1)
  2 adder skeletons (D:2)
  3 dart slugs
  2 leopard geckos
  An orc (D:2)
  2 ball pythons
  A bat zombie (D:2)
  2 giant cockroaches (D:1)
  13 goblins
  9 hobgoblins
  12 jackals
  A quokka (D:3)
  A ball python zombie (D:2)
  9 bats
  2 frilled lizards
  13 kobolds
  A quokka zombie (D:2)
  9 rats
92 creatures vanquished.

Notes
Turn   | Place    | Note
-------+----------+-------------------------------------------
     0 | D:1      | Efemafry the Human Conjurer began the quest for the Orb.
     0 | D:1      | Reached XP level 1. HP: 13/13 MP: 3/3
   319 | D:1      | Reached XP level 2. HP: 19/19 MP: 0/5
   969 | D:1      | Reached XP level 3. HP: 24/24 MP: 3/6
  1021 | D:1      | Learned a level 2 spell: Searing Ray
  2048 | D:1      | Reached XP level 4. HP: 13/31 MP: 0/7
  2969 | D:2      | Reached skill level 1 in Fighting
  2969 | D:2      | Reached skill level 1 in Maces & Flails
  3018 | D:2      | Reached XP level 5. HP: 37/37 MP: 5/8
  4069 | D:3      | Found a blossoming altar of Fedhas.
  4249 | D:3      | Reached skill level 5 in Conjurations
  4589 | D:3      | Reached XP level 6. HP: 38/43 MP: 7/10
  4611 | D:3      | Slain by a hornet zombie

Illustrated notes

Levels and vault maps discovered:
D:1:      minmay_arrival_plants_in_alcoves, layout_basic
D:2:      layout_rooms, serial_undead, serial_undead_d, serial_undead_c,
          serial_undead_a, serial_undead_d, serial_undead_c, serial_undead_f
D:3:      layout_rooms, grunt_ministairs_3, fedhas_altar_4

Skill      XL: |  1  2  3  4  5  6 |
---------------+-------------------+-----
Fighting       | 1 |  1.1
Maces & Flails | 1 |  1.4
Conjurations   | 5 |  5.0
Stealth        | 3 |  3.0
Dodging        | |  2.8
Spellcasting   | |  2.9

Action                   |  1- 3 |  4- 6 || total
-------------------------+-------+-------++-------
Melee: Unarmed           |     6 |       ||     6
       Club              |    78 |    85 ||   163
 Cast: Magic Dart        |    33 |   114 ||   147
       Searing Ray       |     5 |     1 ||     6
 Stab: Sleeping          |     5 |     2 ||     7
Armor: Robe              |    42 |    15 ||    57
Dodge: Dodged            |   104 |   113 ||   217

Table legend: (Time is in decaauts)
 A = Elapsed time spent in this place.
 B = Non-inter-level travel time spent in this place.
 C = Inter-level travel time spent in this place.
 D = Time resting spent in this place.
 E = Time spent auto-exploring this place.
 F = Levels seen in this place.
 G = Mean time per level.
                   A        B        C        D        E       F      G
               +--------+--------+--------+--------+--------+-----+--------+
         Total |   4658 |   4503 |    155 |     61 |   3758 |   3 | 1552.7 |
       Dungeon |   4658 |   4503 |    155 |     61 |   3758 |   3 | 1552.7 |
               +--------+--------+--------+--------+--------+-----+--------+

Top non-repeatable levels by time:
     D:1: 2529 daAuts
     D:3: 1095 daAuts
     D:2: 1033 daAuts
